 Dungeon Crawl Stone Soup version 0.31-a0-166-g46f44d267d (webtiles) character file.

Game seed: 8990476209240960286

361 qw the Shooter (level 6, 0/38 HPs)
             Began as a Gargoyle Hunter on June 13, 2023.
             Slain by Pikel
             ... wielding a +1 whip of freezing
              (3 damage)
             ... on level 4 of the Dungeon.
             The game lasted 00:01:07 (2281 turns).

qw the Shooter (Gargoyle Hunter)                    Turns: 2281, Time: 00:01:08

Health: 0/38       AC:  9    Str: 15    XL:     6   Next: 66%
Magic:  6/6        EV: 11    Int:  9    God:
Gold:   183        SH:  0    Dex: 15    Spells: 5/5 levels left

rFire   . . .        a - +2 arbalest (elec)
rCold   . . .        (shield currently unavailable)
rNeg    + . .        g - +0 ring mail
rPois   inf          (no helmet)
rElec   +            (no cloak)
rCorr   .            (no gloves)
SInv    +            (no boots)
Will    .....        (no amulet)
Stlth   +            i - ring of see invisible
HPRegen 0.26/turn    (no ring)
MPRegen 0.10/turn

%: no passive effects
@: no status effects
A: sickness immunity, AC +4, negative energy resistance 1, electricity
resistance, torment resistance 1, petrification resistance
a: no special abilities


You were on level 4 of the Dungeon.
You visited 1 branch of the dungeon, and saw 4 of its levels.

You collected 183 gold pieces.


Innate Abilities, Weirdness & Mutations

You are immune to sickness and miasma.
Your stone body is resilient. (AC +4)
You are immune to poison.
You resist negative energy. (rN+)
You are resistant to electric shocks. (rElec)
You are resistant to unholy torment.
You are immune to petrification.


   Skills:
 - Level 4.0 Fighting
 + Level 7.0 Ranged Weapons
 - Level 1.0 Armour
 - Level 1.5 Dodging
 - Level 1.1 Stealth


You had 5 spell levels left.
You didn't know any spells.
Your spell library was empty.

Inventory:

Hand Weapons
 a - a +2 arbalest of electrocution (weapon)
Armour
 g - a +0 ring mail (worn)
 l - a +0 leather armour of fire resistance
Jewellery
 c - a +6 ring of intelligence
 i - a ring of see invisible (left hand)
Scrolls
 b - a scroll of identify
 j - a scroll of teleportation {unknown}
Potions
 d - a potion of heal wounds {unknown}
 e - a potion of ambrosia {unknown}
 f - 3 potions of curing
 h - a potion of haste {unknown}
 k - a potion of invisibility {unknown}

Dungeon Overview and Level Annotations

Branches:
Dungeon (4/15)
 Temple: D:4-7

Altars:
Fedhas
Uskayaw

Shops:
D:1 [

Annotations:
D:4 Pikel


Message History

Found a scroll of enchant weapon.
Enter note:
Enter note:
Enter note:
Enter note: You shoot a bolt.
The bolt hits Pikel!
Pikel is lightly wounded.
A lemure comes into view.
You shoot a bolt. The bolt misses Pikel.
The lemure shouts!
You shoot a bolt. The bolt barely misses Pikel.
You shoot a bolt. The bolt barely misses Pikel.
The bolt hits the lemure but does no damage.
Pikel hits you but does no damage.
You shoot a bolt. The bolt closely misses Pikel.
The bolt barely misses the lemure.
Pikel hits you with a +1 whip of freezing.
Pikel freezes you.
Pikel hits you with a +1 whip of freezing.
Pikel freezes you.
You shoot a bolt. The bolt closely misses Pikel.
The lemure completely misses you.
Pikel hits you with a +1 whip of freezing.
Pikel freezes you. The lemure hits you.
Pikel hits you with a +1 whip of freezing.
Pikel freezes you.
You shoot a bolt. The bolt hits Pikel!!
Pikel is severely wounded.
The lemure misses you.
Pikel hits you with a +1 whip of freezing.
Pikel freezes you.
You shoot a bolt. The bolt barely misses Pikel.
The lemure closely misses you.
Pikel hits you with a +1 whip of freezing.
Pikel freezes you. The lemure hits you but does no damage.
Pikel closely misses you.
You shoot a bolt. The bolt closely misses Pikel.
The lemure barely misses you.
Pikel hits you with a +1 whip of freezing.
You die...

###..#.#.....<#...##
#.#
##..>..............#
#.#
##.###.#...........#
#.# #
#.#...........# #.#
# ..#...........#
#.# #########'######
#.# #....(..# #.# .#
#...K5..###.# .#
#....@......# .#
##'#'######## ## ...
..... +...?..
#...... #......
#......


You could see Pikel and a lemure.

Vanquished Creatures
  An ogre (D:3)
  3 lemures (D:4)
  A phantom (D:4)
  Natasha (thrice) (D:3)
  5 adders
  A white imp (D:4)
  A worm (D:3)
  3 dart slugs
  2 orcs
  8 endoplasms
  A giant cockroach (D:1)
  6 goblins
  8 hobgoblins
  6 jackals
  4 quokkas
  6 ball pythons
  8 bats
  2 frilled lizards (D:3)
  8 kobolds
  7 rats
84 creatures vanquished.

Notes
Turn   | Place    | Note
-------+----------+-------------------------------------------
     0 | D:1      | qw the Gargoyle Hunter began the quest for the Orb.
     0 | D:1      | Reached XP level 1. HP: 12/12 MP: 1/1
     0 | D:1      | 0 ||| qw: Version: 0.2-a-29-gc1b59c4
     0 | D:1      | 0 ||| qw: Game counter: 4833
     0 | D:1      | 0 ||| qw: Always use a shield: true
     0 | D:1      | 0 ||| qw: God list: Okawaru
     0 | D:1      | 0 ||| qw: Allow faded altars: false
     0 | D:1      | 0 ||| qw: Do Orc after D:15 true
     0 | D:1      | 0 ||| qw: Do second Lair branch before Depths: true
     0 | D:1      | 0 ||| qw: Lair rune preference: random
     0 | D:1      | 0 ||| qw: Plans: Normal, Zot:1-4, Slime:5, God:TSO, Crypt,
                  | Tomb, Abyss, Pan, Hells, Win
     0 | D:1      | 0 ||| PLANNING D:1-11
    17 | D:1      | Found Gauf's Armour Shoppe.
    34 | D:1      | HP: 3/12 [jackal (2)]
    36 | D:1      | HP: 1/12 [hobgoblin (3)]
    37 | D:1      | Reached XP level 2. HP: 1/17 MP: 2/2
   120 | D:1      | 120 ||| SHOPLISTING +0 pair of boots of rampaging (149
                  | gold, have 18).
   120 | D:1      | 120 ||| SHOPLISTING +0 ring mail (52 gold, have 18).
   276 | D:1      | Reached XP level 3. HP: 20/21 MP: 3/3
   365 | D:1      | Reached skill level 5 in Ranged Weapons
   409 | D:1      | 409 ||| FLEEEEING.
   542 | D:1      | 542 ||| READING scroll labelled EKYMPU SAHOATAGO.
   643 | D:1      | 643 ||| READING scroll labelled ZIREAH DAXO.
   644 | D:1      | 644 ||| DROPPING scroll of butterflies.
   957 | D:2      | Found a faded altar of an unknown god.
   980 | D:2      | Reached skill level 3 in Fighting
  1155 | D:2      | Reached XP level 4. HP: 28/28 MP: 4/4
  1403 | D:2      | 1403 ||| UPGRADING to +0 ring mail.
  1413 | D:2      | 1413 ||| DROPPING +0 leather armour.
  1414 | D:2      | 1414 ||| UPGRADING to ring of see invisible.
  1415 | D:2      | 1415 ||| READING 2 scrolls labelled LEZIUSI OGIUCA.
  1416 | D:2      | 1416 ||| READING scroll labelled MAGOMU CIBB.
  1417 | D:2      | 1417 ||| READING scroll labelled BUACIS DIAVENT.
  1418 | D:2      | 1418 ||| READING scroll labelled UBUIGAESCH ODANOQ.
  1419 | D:2      | 1419 ||| READING scroll labelled ZIUHUV KUYFEFACOG.
  1420 | D:2      | 1420 ||| DRINKING 4 fizzy purple potions.
  1421 | D:2      | 1421 ||| DROPPING scroll of poison.
  1512 | D:3      | Reached skill level 1 in Armour
  1518 | D:3      | 1518 ||| READING scroll of enchant weapon.
  1518 | D:3      | 1518 ||| ENCHANTING +1 shortbow.
  1538 | D:3      | Noticed Natasha
  1541 | D:3      | Killed Natasha
  1580 | D:3      | Reached XP level 5. HP: 32/32 MP: 5/5
  1642 | D:3      | Found a blossoming altar of Fedhas.
  1710 | D:3      | Noticed an ogre
  1721 | D:3      | Killed an ogre
  1722 | D:3      | Reached skill level 6 in Ranged Weapons
  1764 | D:3      | Found a hide-covered altar of Uskayaw.
  1764 | D:3      | Noticed a +0 short sword
  1764 | D:3      | Noticed a +0 falchion
  1764 | D:3      | Noticed a +0 spear
  1764 | D:3      | Noticed a +0 falchion
  1765 | D:3      | Noticed a +0 spear
  1765 | D:3      | Noticed a +0 short sword
  1766 | D:3      | Noticed a +0 dagger
  1767 | D:3      | Noticed a +0 dagger
  1912 | D:3      | Noticed Natasha
  1915 | D:3      | Killed Natasha
  1916 | D:3      | Reached XP level 6. HP: 35/37 MP: 6/6
  1993 | D:3      | Noticed Natasha
  1997 | D:3      | Killed Natasha
  2029 | D:3      | 2029 ||| READING scroll labelled KETTI TAPRIOF.
  2029 | D:3      | Identified a scroll of acquirement
  2029 | D:3      | 2029 ||| ACQUIRING +2 arbalest of electrocution
  2029 | D:3      | Acquired a +2 arbalest of electrocution
  2031 | D:3      | 2031 ||| SWAPPING to +2 arbalest of electrocution.
  2032 | D:3      | 2032 ||| DROPPING +2 shortbow.
  2168 | D:4      | Reached skill level 7 in Ranged Weapons
  2272 | D:4      | Noticed Pikel
  2278 | D:4      | HP: 8/38 [Pikel/+1 whip of freezing (5)]
  2280 | D:4      | HP: 3/38 [Pikel/+1 whip of freezing (1)]
  2281 | D:4      | Slain by Pikel

Levels and vault maps discovered:
D:1:      minmay_arrival_plants_in_alcoves, layout_rooms, serial_shops,
          nicolae_shop_tiny_waterfront
D:2:      layout_basic, ebering_ecumenical_altar_petrified,
          minmay_rat_gold_closets
D:3:      layout_basic, mainiacjoe_overflow_cross_hatched,
          nicolae_uskayaw_en_pointe, minmay_misc_feat_hallway, uniq_natasha
D:4:      layout_basic, uniq_ijyb, uniq_pikel, uniq_grinder

Skill      XL: |  1  2  3  4  5  6 |
---------------+-------------------+-----
Ranged Weapons | 5 6 7 |  7.0
Fighting       | 3 4 |  4.0
Armour         | 1 |  1.0
Dodging        | |  1.5
Stealth        | |  1.1

Action                     |  1- 3 |  4- 6 || total
---------------------------+-------+-------++-------
   Fire: Shortbow          |   136 |    96 ||   232
         Arbalest          |       |    34 ||    34
    Use: Scroll            |     2 |     7 ||     9
         Potion            |       |     1 ||     1
 Armour: Leather armour    |    53 |     1 ||    54
         Ring mail         |       |    20 ||    20
  Dodge: Dodged            |    66 |    35 ||   101

Table legend:
 A = Non-vault XP
 B = Vault XP
 C = Vault XP percentage of total XP
 D = Non-vault monster count
 E = Vault monster count
 F = Vault count percentage of total count
                 A         B        C        D         E       F
            +---------+---------+-------+---------+---------+-------
      Total |     476 |      41 |   7.9 |      74 |       7 |   8.6
            +---------+---------+-------+---------+---------+-------
        D:1 |      48 |       0 |   0.0 |      28 |       0 |   0.0
        D:2 |      43 |       6 |  12.2 |      18 |       6 |  25.0
        D:3 |     250 |      35 |  12.3 |      23 |       1 |   4.2
        D:4 |     135 |       0 |   0.0 |       5 |       0 |   0.0
            +---------+---------+-------+---------+---------+-------
